 Dungeon Crawl Stone Soup version 0.29.1-15-g9cfb28693d (webtiles) character file.

Game seed: 7030328129742883691

2 MODGOD the Insei (level 1, -2/15 HPs)
             Began as a Demigod Transmuter on Mar 19, 2023.
             Slain by a hobgoblin (4 damage)
             ... on level 1 of the Dungeon.
             The game lasted 00:02:26 (75 turns).

MODGOD the Insei (Demigod Transmuter)                 Turns: 75, Time: 00:02:26

Health: -2/15      AC:  2    Str: 11    XL:     1   Next: 20%
Magic:  1/5        EV: 12    Int: 15    God:
Gold:   0          SH:  0    Dex: 14    Spells: 2/3 levels left

rFire   . . .      SeeInvis .     - Unarmed
rCold   . . .      Faith    .   (no shield)
rNeg    . . .      Spirit   .   a - +0 robe
rPois   .          Reflect  .   (helmet currently unavailable)
rElec   .          Harm     .   (no cloak)
rCorr   .          Rampage  .   (no gloves)
Will    .....                   (boots currently unavailable)
Stlth   +.........              (no amulet)
HPRegen 0.05/turn               (no ring)
MPRegen 0.09/turn               (no ring)

@: appendages, very slightly contaminated
A: horns 2, talons 2, high MP 1, forlorn, divine attributes
a: End Transformation


You were on level 1 of the Dungeon.
You had temporarily grown beastly horns and talons.
You visited 1 branch of the dungeon, and saw 1 of its levels.

Inventory:

Armour
 a - a +0 robe (worn)
Scrolls
 c - a scroll of blinking {unknown}
Potions
 b - a potion of lignification


   Skills:
 + Level 0.8 Fighting
 + Level 1.7 Dodging
 + Level 2.8 Unarmed Combat
 + Level 1.7 Spellcasting
 + Level 1.8 Transmutations


You had 2 spell levels left.
You knew the following spells:

 Your Spells              Type           Power      Damage    Failure   Level
a - Beastly Appendage     Tmut           12%        N/A       11%         1

Your spell library contained the following spells:

 Spells                   Type           Power      Damage    Failure   Level
 Wereblood                Tmut           6%         N/A       16%         2
 Spider Form              Tmut/Pois      4%         N/A       43%         3
 Ice Form                 Ice/Tmut       4%         N/A       83%         4


Dungeon Overview and Level Annotations

Branches:
Dungeon (1/15)


Innate Abilities, Weirdness & Mutations

You have temporarily grown beastly horns and talons.
You have an increased reservoir of magic. (+10% MP)
You shall have no god before yourself.
Your divine heritage dramatically boosts your attributes as you level up.


Message History

A nearby plant withers and dies.
The kobold closely misses you.
The kobold hits you with a +2 short sword of speed.
You closely miss the kobold. The kobold barely misses you.
You miss the kobold. You claw the kobold.
You kill the kobold!
Your magical contamination has completely faded away.
Casting: Beastly Appendage (safe; 11% risk of failure)
Confirm with . or Enter, or press ? or * to list all spells.
You miscast Beastly Appendage.
You are very lightly contaminated with residual magic.
Nothing appears to happen.
The endoplasm quivers.
The hobgoblin hits you.
Unknown command.
You hit the hobgoblin.
The hobgoblin is heavily wounded.
The hobgoblin barely misses you.
You hit the frilled lizard but do no damage.
Your headbutt misses the frilled lizard.
The frilled lizard barely misses you. The hobgoblin barely misses you.
Casting: Beastly Appendage (safe; 11% risk of failure)
Confirm with . or Enter, or press ? or * to list all spells.
You extend your transformation's duration.
The frilled lizard completely misses you.
The hobgoblin barely misses you.
Casting: Beastly Appendage (safe; 11% risk of failure)
Confirm with . or Enter, or press ? or * to list all spells.
You extend your transformation's duration.
The frilled lizard bites you. The hobgoblin hits you.
* * * LOW HITPOINT WARNING * * *
You hit the frilled lizard.
You kill the frilled lizard!
You barely miss the hobgoblin. Your kick misses the hobgoblin.
You headbutt the hobgoblin.
The hobgoblin is heavily wounded.
The hobgoblin barely misses you.
You barely miss the hobgoblin. Your kick misses the hobgoblin.
The hobgoblin is heavily wounded.
The hobgoblin hits you.
You die...

##.. ...##
♣~~♣. ## ####
~.. . ....
~J~
#.#.##.#l#
.#.##.#g###.#
......†@....#
##.####.#####
######.####.#
#...........#
#.###########
###.# #...#
#.### ##.#


You could see an endoplasm, a hobgoblin and a frilled lizard.

Vanquished Creatures
  A kobold (D:1)
  A frilled lizard (D:1)
2 creatures vanquished.

Vanquished Creatures (others)
  A plant (D:1)
1 creature vanquished.

Grand Total: 3 creatures vanquished

Notes
Turn   | Place    | Note
-------+----------+-------------------------------------------
     0 | D:1      | MODGOD the Demigod Transmuter began the quest for the Orb.
     0 | D:1      | Reached XP level 1. HP: 15/15 MP: 5/5
    75 | D:1      | Slain by a hobgoblin

Illustrated notes

Levels and vault maps discovered:
D:1:      ncdulo_smallfort, layout_loops_cross, hex_large, serial_bayou_pond_e

Action                   || total
-------------------------++-------
Melee: Unarmed           ||     8
       Kick              ||     1
       Headbutt          ||     1
 Cast: Beastly Appendage ||     3
Dodge: Dodged            ||     9
